 Dungeon Sprint DCSS version 0.28.0-53-g5a82cb258f (webtiles) character file.

Game seed: 9672620114527564120

275 Zeld the Fighter (level 6, -1/64 HPs)
             Began as a Minotaur Berserker on June 4, 2022.
             Was a Priest of Trog.
             Slain by a wandering mushroom (8 damage)
             ... in the Dungeon (Sprint IV: "Fedhas' Mad Dash").
             The game lasted 00:01:10 (919 turns).

Zeld the Fighter (Minotaur Berserker)                Turns: 919, Time: 00:01:10

Health: -1/64      AC:  3    Str: 24    XL:     6   Next: 3%
Magic:  4/5        EV: 13    Int:  4    God:    Trog [***...]
Gold:   16         SH:  0    Dex:  9    Spells: 5/5 levels left

rFire   . . .      SeeInvis .   a - +0 hand axe
rCold   . . .      Faith    .   (no shield)
rNeg    . . .      Spirit   .   b - +0 animal skin
rPois   .          Reflect  .   (helmet restricted)
rElec   .          Harm     .   (no cloak)
rCorr   .          Rampage  .   i - +0 pair of gloves
Will    .....      NoTele   +   (no boots)
Stlth   +.........              j - amulet of invisibility {+Inv}
HPRegen 0.20/turn               (no ring)
MPRegen 0.09/turn               (no ring)

@: confused, very slightly contaminated, invisible (expiring)
A: horns 2, retaliatory headbutt
a: Renounce Religion, Evoke Invisibility, Berserk, Trog's Hand


You were in the Dungeon.
You worshipped Trog.
Trog was most pleased with you.
You visited 1 branch You collected 88 gold pieces.
You spent 72 gold pieces at shops.

Inventory:

Hand Weapons
 a - a +0 hand axe (weapon)
Armour
 b - a +0 animal skin (worn)
 i - a +0 pair of gloves (worn)
Jewellery
 j - the amulet of invisibility (around neck) {+Inv}
   (You found it in the Dungeon)

   [amulet of nothing]

   +Inv:      It lets you turn invisible.
Wands
 k - a wand of polymorph (4)
Scrolls
 h - a scroll of blinking
 m - a scroll of identify {unknown}
Potions
 c - a potion of curing
 d - a potion of heal wounds
 e - a potion of haste
 f - 2 potions of magic
 g - a potion of berserk rage
 l - 2 potions of mutation {unknown}


   Skills:
 * Level 9.5 Fighting
 * Level 9.4 Axes
 + Level 6.5 Armour
 + Level 5.9 Dodging


You had 5 spell levels left.
You didn't know any spells.
Your spell library was empty.

Dungeon Overview and Level Annotations

Branches:
Dungeon (1/1)

Altars:
Cheibriados
Dithmenos
Elyvilon
Gozag
Hepliaklqana
Kikubaaqudgha
Makhleb
Nemelex Xobeh
Okawaru
Qazlal
Ru
Sif Muna
Trog
Uskayaw
Vehumet
Wu Jian
Xom
Yredelemnul
Zin
The Shining One
Beogh
Jiyva
Lugonu

Shops:
D (*


Innate Abilities, Weirdness & Mutations

You have a pair of horns on your head.
You reflexively headbutt those who attack you in melee.


Message History

The wandering mushroom releases spores at you!
You are engulfed in a cloud of spores!
You are confused.
The wandering mushroom releases spores at you.
You are engulfed in a cloud of spores!
You are more confused.
There is an open door, spattered with blood here.
You bump into the stone wall.
A scorpion comes into view.
The wandering mushroom misses you.
The wandering mushroom barely misses you.
You hit the wandering mushroom but do no damage.
The wandering mushroom releases spores at you.
You are engulfed in a cloud of spores!
You are more confused.
You are too confused!
You bump into the stone wall.
The wandering mushroom releases spores at you!
You are engulfed in a cloud of spores!
You are too injured to fight recklessly!
You slash the wandering mushroom!
The wandering mushroom is lightly damaged.
The wandering mushroom releases spores at you!
* * * LOW HITPOINT WARNING * * *
You are engulfed in a cloud of spores!
You are too injured to fight recklessly!
You are too injured to fight recklessly!
There is an open door here.
You hit the wandering mushroom.
The wandering mushroom is lightly damaged.
You flicker for a moment.
The wandering mushroom releases spores at you!
* * * LOW HITPOINT WARNING * * *
You are engulfed in a cloud of spores!
You're too confused to move!
The wandering mushroom barely misses you.
The wandering mushroom barely misses you.
You bump into the stone wall.
The wandering mushroom releases spores at you!
You die...

################### ####
._._._._.⌠.#..).@.# ...#
_._._._._..'..#.ff# ..P+
._._._._...#..###'##s?(#
_._._._._..#..##∩∩.'...#
._._._._.⌠.#############
############


You could see 2 wandering mushrooms.

Vanquished Creatures
  2 scorpions (D)
  3 oklob saplings (D)
  2 spriggans (D)
  A river rat (D)
  A rat (D)
9 creatures vanquished.

Vanquished Creatures (others)
  2 fungi (D)
2 creatures vanquished.

Grand Total: 11 creatures vanquished

Notes
Turn   | Place    | Note
-------+----------+-------------------------------------------
     0 | D        | Zeld the Minotaur Berserker began the quest for the Orb.
     0 | D        | Reached XP level 1. HP: 19/19 MP: 0/0
    15 | D        | Reached XP level 2. HP: 16/28 MP: 1/1
   293 | D        | Noticed an oklob sapling
   295 | D        | Killed an oklob sapling
   295 | D        | Reached ** piety under Trog
   296 | D        | Reached skill level 5 in Fighting
   296 | D        | Reached skill level 5 in Axes
   296 | D        | Reached XP level 3. HP: 37/37 MP: 2/2
   425 | D        | Noticed a scorpion
   425 | D        | Found the amulet of invisibility {+Inv}
   428 | D        | Killed a scorpion
   429 | D        | Reached XP level 4. HP: 39/47 MP: 3/3
   461 | D        | Found an opulent altar of Gozag.
   461 | D        | Found a hazy altar of Hepliaklqana.
   461 | D        | Found a burning altar of Makhleb.
   461 | D        | Found a sparkling altar of Nemelex Xobeh.
   461 | D        | Found a snail-covered altar of Cheibriados.
   461 | D        | Found a sacrificial altar of Ru.
   461 | D        | Found a shimmering blue altar of Sif Muna.
   461 | D        | Found a shimmering altar of Xom.
   461 | D        | Found a basalt altar of Yredelemnul.
   462 | D        | Found a viscous altar of Jiyva.
   462 | D        | Found a bloodstained altar of Trog.
   462 | D        | Found an ornate altar of the Wu Jian Council.
   463 | D        | Found an iron altar of Okawaru.
   463 | D        | Found a shadowy altar of Dithmenos.
   463 | D        | Found a glowing silver altar of Zin.
   464 | D        | Found an ancient bone altar of Kikubaaqudgha.
   464 | D        | Found a hide-covered altar of Uskayaw.
   465 | D        | Found a stormy altar of Qazlal.
   465 | D        | Found a white marble altar of Elyvilon.
   465 | D        | Found a glowing golden altar of the Shining One.
   466 | D        | Found a radiant altar of Vehumet.
   466 | D        | Found a corrupted altar of Lugonu.
   475 | D        | Reached skill level 5 in Armour
   475 | D        | Reached XP level 5. HP: 30/53 MP: 2/4
   565 | D        | Reached skill level 5 in Dodging
   761 | D        | Reached *** piety under Trog
   772 | D        | Reached XP level 6. HP: 56/64 MP: 3/5
   897 | D        | Found Daepaf's Assorted Antiques.
   897 | D        | Found Wogguin's Antique Weapon Emporium.
   900 | D        | Bought 2 black potions for 46 gold pieces
   900 | D        | Bought a scroll labelled COAPEUL YTOWNO for 26 gold pieces
   906 | D        | Noticed a burning bush
   906 | D        | Noticed a wandering mushroom
   906 | D        | Noticed a wandering mushroom
   919 | D        | Slain by a wandering mushroom

Illustrated notes

Levels and vault maps discovered:
D:        dungeon_sprint_fedhas [sprint_temple]

Skill      XL: |  1  2  3  4  5 |
---------------+----------------+-----
Fighting       | 4 5 7 9 |  9.5
Axes           | 4 5 6 7 9 |  9.4
Armour         | 3 4 5 6 |  6.5
Dodging        | 3 4 5 |  5.9

Action                   |  1- 3 |  4- 6 || total
-------------------------+-------+-------++-------
Melee: Hand axe          |    12 |    26 ||    38
       Headbutt          |     2 |     4 ||     6
       Punch             |       |     1 ||     1
Invok: Berserk           |     2 |       ||     2
 Abil: Evoke Invisibilit |       |     4 ||     4
 Stab: Invisible         |       |     1 ||     1
       Sleeping          |       |     1 ||     1
Dodge: Dodged            |     4 |    10 ||    14
